 Seeded DCSS version 0.29-a0-617-g7a6b98fccd (webtiles) character file.

Game seed: 16082249642278480031 (custom seed)

5 zeratav the Stinger (level 1, 0/11 HPs)
             Began as an Octopode Venom Mage on June 17, 2022.
             Slain by an endoplasm (3 damage)
             ... on level 1 of the Dungeon.
             The game lasted 00:00:27 (376 turns).

zeratav the Stinger (Octopode Venom Mage)            Turns: 376, Time: 00:00:29

Health: 0/11       AC:  1    Str:  7    XL:     1   Next: 80%
Magic:  1/3        EV: 13    Int: 17    God:
Gold:   9          SH:  0    Dex: 12    Spells: 3/4 levels left

rFire   . . .      SeeInvis .   c - +0 short sword {short}
rCold   . . .      Faith    .   (no shield)
rNeg    . . .      Spirit   .   (helmet restricted)
rPois   .          Reflect  .   (no amulet)
rElec   .          Harm     .   (no ring)
rCorr   .          Rampage  .   (no ring)
Will    .....                   (no ring)
Stlth   +++.......              (no ring)
HPRegen 0.03/turn               (no ring)
MPRegen 0.08/turn               (no ring)
                                (no ring)
                                (no ring)

@: no status effects
A: almost no armour, amphibious, 8 rings, camouflage 1, gelatinous body 1,
(nimble swimmer 1), tentacles
a: no special abilities


You were on level 1 of the Dungeon.
You visited 1 branch of the dungeon, and saw 1 of its levels.

You collected 9 gold pieces.


Innate Abilities, Weirdness & Mutations

You cannot wear most types of armour.
You are amphibious.
You can wear up to eight rings at the same time.
Your skin changes colour to match your surroundings (Stealth+).
Your rubbery body absorbs attacks. (AC +1, EV +1)
((You are camouflaged when in or above water. (Stealth+)))
You have tentacles for arms and can constrict up to eight enemies at once.


   Skills:
 - Level 2.0 Dodging
 * Level 3.0 Stealth
 + Level 2.0 Spellcasting
 - Level 1.0 Transmutations
 * Level 3.8 Poison Magic


You had 3 spell levels left.
You knew the following spells:

 Your Spells              Type           Power      Damage    Failure   Level
a - Sting                 Tmut/Pois      40%        1d5       7%          1

Your spell library contained the following spells:

 Spells                   Type           Power      Damage    Failure   Level
 Poisonous Vapours        Pois/Air       16%        N/A       13%         2
 Mephitic Cloud           Conj/Pois/Air  6%         N/A       34%         3
 Olgreb's Toxic Radiance  Pois           14%        N/A       36%         4

Inventory:

Hand Weapons
 c - a +0 short sword (weapon) {short}
   (You took it off a kobold on level 1 of the Dungeon)
Scrolls
 b - a scroll of identify {unknown}
Potions
 a - a potion of magic

Dungeon Overview and Level Annotations

Branches:
Dungeon (1/15) Zot: 5623

Altars:

#... ..# #...##....
#....#.#.### #.#
#..........# #.#
#....#.#.#.# #.#
#....#.#.#.# #.#
#....#.#.#.# #.#
#lJ#@#.#.# #.#
#####..#J#.#.###.########
.........l................
.....#.##########.########
################## #.#
.................. #.#
.................. #.#
.####.####...##### #.# .#
#.# ##...### #.#


You could see an endoplasm and a frilled lizard.


Message History

You take 4 damage, and now have 7/11 hp.
MASSIVE DAMAGE!! (PAUSE)
You lost 1 mp, and now have 1/3 mp.
You are too injured to fight recklessly!
You are too injured to fight recklessly!
You are too injured to fight recklessly!
You tentacle-slap the quokka but do no damage.
You grab the quokka. You constrict the quokka. The quokka closely misses you.
You tentacle-slap the quokka but do no damage.
You squeeze the quokka.
You kill the quokka!
You start resting.
Your magical contamination has completely faded away.
HP[+4] MP[+2]
Your hp is fully restored (11).
Your mp is fully restored (3).
You now have 9 gold pieces.
A hobgoblin comes into view.
The sting hits the hobgoblin.
The hobgoblin is poisoned.
The hobgoblin shouts!
MP[-1]
You lost 1 mp, and now have 2/3 mp.
The sting hits the hobgoblin.
The hobgoblin looks even sicker.
You kill the hobgoblin!
MP[-1]
You lost 1 mp, and now have 1/3 mp.
You can't see any susceptible monsters within range! (Use Z to cast anyway.) No target in view!
A rat comes into view.
The sting hits the rat but does no damage.
The rat is poisoned.
MP[-1]
You lost 1 mp, and now have 0/3 mp.
You are out of magic!
A rat is nearby!
You tentacle-slap the rat but do no damage.
Your grab misses the rat. The rat barely misses you.
You barely miss the rat. You grab the rat.
You constrict the rat, but do no damage.
You kill the rat!
No target in view!
Found a stone staircase leading down.
MP[+3]
Your mp is fully restored (3).
b - a scroll labelled MOEHATONEV An endoplasm comes into view.
You can't see any susceptible monsters within range! (Use Z to cast anyway.)
The sting hits the endoplasm.
The endoplasm partially resists.
The endoplasm quivers.
MP[-1]
You lost 1 mp, and now have 2/3 mp.
The sting hits the endoplasm.
The endoplasm partially resists.
The endoplasm is poisoned.
You kill the endoplasm!
Your Stealth skill increases to level 3!
MP[-1]
You lost 1 mp, and now have 1/3 mp.
You can't see any susceptible monsters within range! (Use Z to cast anyway.)
A kobold comes into view. It is wielding a +0 short sword.
MP[+2]
Your mp is fully restored (3).
The sting hits the kobold.
The kobold is poisoned.
The kobold shouts!
You hear an angry hiss.
An endoplasm comes into view.
A frilled lizard comes into view.
MP[-1]
You lost 1 mp, and now have 2/3 mp.
The sting misses the kobold.
MP[-1]
You lost 1 mp, and now have 1/3 mp.
The sting hits the kobold.
The kobold looks even sicker.
The kobold hits you with a +0 short sword.
HP[-5] MP[-1]
You take 5 damage, and now have 6/11 hp.
MASSIVE DAMAGE!! (PAUSE)
You lost 1 mp, and now have 0/3 mp.
You are too injured to fight recklessly!
You tentacle-slap the kobold.
You kill the kobold!
You see here a +0 short sword {short}.
c - a +0 short sword (weapon)
{short} HP[+1]
You hit the endoplasm but do no damage. The endoplasm freezes you.
You are frozen.
* * * LOW HITPOINT WARNING * * *
HP[-2]
You take 2 damage, and now have 5/11 hp.
You hit the endoplasm but do no damage.
You squeeze the endoplasm, but do no damage.
The endoplasm misses you.
MP[+1]
You hit the endoplasm. The endoplasm misses you.
You hit the endoplasm.
You squeeze the endoplasm, but do no damage.
The endoplasm freezes you.
You are frozen.
* * * LOW HITPOINT WARNING * * *
HP[-2]
You take 2 damage, and now have 3/11 hp.
You hit the endoplasm. The endoplasm hits you.
You die...

Skill      XL: |  1 |
---------------+----+-----
Stealth        | 3 |  3.0
Dodging        | |  2.0
Spellcasting   | |  2.0
Transmutations | |  1.0
Poison Magic   | |  3.8

Action                   || total
-------------------------++-------
Melee: Short sword       ||     5
       Unarmed           ||     5
       Tentacles         ||     3
       Constrict         ||     2
 Cast: Sting             ||     9
Dodge: Dodged            ||     6

Levels and vault maps discovered:
D:1:      dpeg_arrival_boxes_within_box, layout_basic, amcnicky_mini_pool_small

Notes
Turn   | Place    | Note
-------+----------+-------------------------------------------
     0 | D:1      | zeratav the Octopode Venom Mage began the quest for the
                  | Orb.
     0 | D:1      | Reached XP level 1. HP: 11/11 MP: 3/3
     0 | D:1      | magus.rc [v1.9.6]
   334 | D:1      | Reached skill level 3 in Stealth
   376 | D:1      | Slain by an endoplasm

Vanquished Creatures
  An endoplasm (D:1)
  A hobgoblin (D:1)
  A quokka (D:1)
  A kobold (D:1)
  A rat (D:1)
5 creatures vanquished.

Table legend:
 A = Non-vault XP
 B = Vault XP
 C = Vault XP percentage of total XP
 D = Non-vault monster count
 E = Vault monster count
 F = Vault count percentage of total count
                 A         B        C        D         E       F
            +---------+---------+-------+---------+---------+-------
      Total |       8 |       0 |   0.0 |       5 |       0 |   0.0
            +---------+---------+-------+---------+---------+-------
        D:1 |       8 |       0 |   0.0 |       5 |       0 |   0.0
            +---------+---------+-------+---------+---------+-------

Illustrated notes

Table legend:
 A = Kills in this place as a percentage of kills in entire the game.
 B = Kills by you in this place as a percentage of kills by you in the entire game.
 C = Kills by friends in this place as a percentage of kills by friends in the entire game.
 D = Other kills in this place as a percentage of other kills in the entire game.
 E = Experience gained in this place as a percentage of experience gained in the entire game.
 F = Experience gained in this place divided by the number of levels of this place that you have seen.
                   A       B       C       D       E      F
               +-------+-------+-------+-------+-------+----------------------
         Total | 100.0 | 100.0 |   N/A |   N/A | 100.0 |   8.0
       Dungeon | 100.0 | 100.0 |   N/A |   N/A | 100.0 |   8.0
               +-------+-------+-------+-------+-------+----------------------

Table legend: (Time is in decaauts)
 A = Elapsed time spent in this place.
 B = Non-inter-level travel time spent in this place.
 C = Inter-level travel time spent in this place.
 D = Time resting spent in this place.
 E = Time spent auto-exploring this place.
 F = Levels seen in this place.
 G = Mean time per level.
                   A        B        C        D        E       F      G
               +--------+--------+--------+--------+--------+-----+--------+
         Total |    375 |    375 |      0 |    123 |    208 |   1 |  375.0 |
       Dungeon |    375 |    375 |      0 |    123 |    208 |   1 |  375.0 |
               +--------+--------+--------+--------+--------+-----+--------+

Top non-repeatable levels by time:
     D:1: 375 daAuts
